 Dungeon Crawl Stone Soup version 0.28.0-53-g5a82cb258f (webtiles) character file.

Game seed: 17446770436381889841

1559 Eitelfritz the Cleaver (level 8, 0/63 (70) HPs)
             Began as a Hill Orc Fighter on June 24, 2022.
             Was a High Priest of Uskayaw.
             Slain by a wight
             ... wielding a +4 spear
              (1 damage)
             ... on level 6 of the Dungeon.
             The game lasted 00:12:00 (7283 turns).

Eitelfritz the Cleaver (Hill Orc Fighter)           Turns: 7283, Time: 00:12:01

HP:   0/63 (70)     AC: 11    Str: 21    XL:     8   Next: 89%
MP:   10/10         EV: 10    Int:  8    God:    Uskayaw [*****.]
Gold: 605           SH:  4    Dex: 10    Spells: 7/7 levels left

rFire   . . .      SeeInvis .   a - +0 war axe
rCold   . . .      Faith    .   c - +0 buckler
rNeg    . . .      Spirit   .   t - +1 scale mail {rPois}
rPois   +          Reflect  .   F - +1 helmet
rElec   .          Harm     .   (no cloak)
rCorr   .          Rampage  .   (no gloves)
Will    .....                   (no boots)
Stlth   ..........              (no amulet)
HPRegen 0.20/turn               (no ring)
MPRegen 0.12/turn               (no ring)

@: heavily drained
A: no striking features
a: Renounce Religion, Stomp, Line Pass, Grand Finale


You were on level 6 of the Dungeon.
You worshipped Uskayaw.
Uskayaw was noncommittal.
You visited 2 branches of the dungeon, and saw 7 of its levels.
You also visited: Ossuary.

You collected 605 gold pieces.

Inventory:

Hand Weapons
 a - a +0 war axe (weapon)
 b - a +0 fustibalus
 E - a +0 trident
Missiles
 e - a boomerang
 f - 5 atropa-tipped darts (quivered)
 C - 66 stones
 D - 23 sling bullets
Armour
 c - a +0 buckler (worn)
 t - a +1 scale mail of poison resistance (worn)
 F - a +1 helmet (worn)
Jewellery
 g - a ring of resist corrosion
 y - a +6 ring of intelligence
Wands
 i - a wand of charming (8)
 p - a wand of iceblast (13)
Scrolls
 d - a scroll of identify
 j - 2 scrolls of teleportation
 m - a scroll of vulnerability
 s - a scroll of fear {unknown}
Potions
 h - 2 potions of flight
 l - 5 potions of curing
 n - 3 potions of invisibility
 o - a potion of cancellation {unknown}
 q - a potion of magic {unknown}
 r - 3 potions of mutation
 v - a potion of resistance {unknown}
 x - 2 potions of attraction {unknown}
 z - a potion of brilliance {unknown}
 A - a potion of berserk rage {unknown}
 B - a potion of lignification {unknown}


   Skills:
 + Level 5.7 Fighting
 + Level 9.3 Axes
 + Level 6.8 Armour
 + Level 1.8 Dodging
 + Level 1.3 Stealth
 + Level 4.6 Shields
 * Level 3.4 Invocations


You had 7 spell levels left.
You didn't know any spells.
Your spell library contained the following spells:

 Spells                   Type           Power      Damage    Failure   Level
 Ensorcelled Hibernation  Hex/Ice        0%         N/A       91%         2
 Passwall                 Tmut/Erth      0%         N/A       91%         2
 Sublimation of Blood     Necr           0%         N/A       91%         2
 Wereblood                Tmut           0%         N/A       91%         2
 Ozocubu's Armour         Ice            0%         N/A       99%         3
 Swiftness                Air            0%         N/A       99%         3
 Ozocubu's Refrigeration  Ice            0%         4d5       100%        7
 Summon Hydra             Summ           0%         N/A       100%        7


Dungeon Overview and Level Annotations

Branches:
Dungeon (6/15)             Temple (1/1) D:5         Ossuary (visited)

Altars:
Ashenzari
Dithmenos
Elyvilon
Fedhas
Gozag
Hepliaklqana
Makhleb
Nemelex Xobeh
Okawaru
Qazlal
Ru
Sif Muna
Uskayaw
Vehumet
Yredelemnul
The Shining One
Beogh

Annotations:
D:5 3 runed translucent doors, hitsuchi's ghost, novice OpBr


Message History

The iguana bites you.
* * * LOW HITPOINT WARNING * * *
The wight hits you from afar with a +4 spear.
* * * LOW HITPOINT WARNING * * *
You feel much better. The iguana misses you.
The wight hits you from afar with a +4 spear!
* * * LOW HITPOINT WARNING * * *
Okay, then.
Unknown command.
You hit the iguana.
The iguana is almost dead.
The iguana bites you.
* * * LOW HITPOINT WARNING * * *
The wight barely misses you.
You hit the iguana.
The iguana is almost dead.
The iguana barely misses you.
The wight hits you from afar with a +4 spear.
* * * LOW HITPOINT WARNING * * *
Unknown command.
Uskayaw prepares the audience for your solo!
The wight is no longer paralysed.
The iguana is no longer paralysed.
Uskayaw links your audience in an emotional bond!
You hit the iguana but do no damage.
The iguana is severely wounded.
The wight is no longer sharing its pain.
You block the wight's attack. You block the iguana's attack.
You completely miss the iguana.
The iguana is severely wounded.
The iguana is no longer sharing its pain.
The wight barely misses you. The iguana barely misses you.
You slash the iguana!
You kill the iguana!
The wight hits you but does no damage. The wight barely misses you.
The wight hits you from afar with a +4 spear.
* * * LOW HITPOINT WARNING * * *
You feel drained.
You die...

############# ###
#######...........# ..
##.......#########.# .#
#........#########.#########.#
#......>.....................##
#.#####.##########.#######.).##
#.# #.# #...#.#.##
#.##########.###...#.#.##
###.....z.@..........'.....
#........#####.###...#.#.##
+........# #.# #####.#.## .
#........#####.## #....#
..####..(..####.....######....#
......)....# #...............#
......)....# #................
##....)....# ##..........##...
#+##......# #..........##...


You could see a wight.

Vanquished Creatures
  Edmund (D:6)
  2 ice beasts
  A sky beast (D:6)
  An ogre (D:5)
  2 necrophages
  2 phantoms
  4 wights (D:6)
  A centaur zombie (D:5)
  A hound (D:5)
  A jelly (D:5)
  2 orc priests (D:4)
  A scorpion zombie (D:5)
  2 orc wizards
  2 iguanas
  A hound zombie (D:5)
  8 mummies (Ossuary)
  A hound skeleton (D:4)
  3 gnolls
  An adder (D:3)
  2 white imps
  An ufetubus (D:2)
  An adder skeleton (D:4)
  3 worms
  2 dart slugs
  18 orcs
  5 ball pythons
  10 endoplasms
  3 giant cockroaches
  A gnoll zombie (Ossuary)
  3 goblins
  9 hobgoblins
  4 jackals (D:4)
  7 kobolds
  4 quokkas
  6 bats
  3 frilled lizards
  7 hobgoblin zombies
  A kobold skeleton (D:6)
  A kobold zombie (Ossuary)
  An orc skeleton (D:6)
  4 orc zombies
  2 rats
135 creatures vanquished.

Vanquished Creatures (others)
  3 fungi (D:1)
  4 toadstools (D:1)
7 creatures vanquished.

Grand Total: 142 creatures vanquished

Notes
Turn   | Place    | Note
-------+----------+-------------------------------------------
     0 | D:1      | Eitelfritz the Hill Orc Fighter began the quest for the
                  | Orb.
     0 | D:1      | Reached XP level 1. HP: 19/19 MP: 1/1
   282 | D:1      | Reached XP level 2. HP: 14/27 MP: 2/2
   894 | D:1      | Reached skill level 3 in Axes
  1186 | D:1      | Reached XP level 3. HP: 27/33 MP: 3/3
  1653 | D:2      | Found a burning altar of Makhleb.
  2674 | D:3      | Reached XP level 4. HP: 37/40 MP: 4/4
  3016 | D:3      | Reached skill level 4 in Axes
  3537 | D:3      | Noticed an ice beast
  3543 | D:3      | Killed an ice beast
  3544 | D:3      | Reached skill level 5 in Axes
  3544 | D:3      | Reached XP level 5. HP: 47/47 MP: 5/5
  3617 | D:3      | You fall into a shaft and drop 2 floors!
  3617 | D:5      | Entered Level 5 of the Dungeon
  3688 | D:4      | Noticed a phantom
  3697 | D:4      | Killed a phantom
  3698 | D:4      | Reached skill level 5 in Armour
  3698 | D:4      | Reached XP level 6. HP: 42/53 MP: 6/6
  3736 | D:4      | Found a sand-covered staircase.
  3741 | Ossuary  | Entered an ossuary
  4006 | Ossuary  | Reached skill level 6 in Axes
  4776 | D:3      | Found a sparkling altar of Nemelex Xobeh.
  4903 | D:4      | Reached XP level 7. HP: 60/60 MP: 7/7
  5082 | D:4      | Found an opulent altar of Gozag.
  5189 | D:4      | Reached skill level 1 in Dodging
  5647 | D:5      | Reached skill level 7 in Axes
  5809 | D:5      | Reached skill level 5 in Fighting
  5932 | D:5      | Found a runed translucent gate.
  5933 | D:5      | Found a runed translucent gate.
  5934 | D:5      | Found a runed translucent gate.
  5935 | D:5      | Noticed hitsuchi's ghost (novice OpBr)
  5938 | D:5      | Found a roughly hewn altar of Beogh.
  5945 | D:5      | Found a staircase to the Ecumenical Temple.
  6010 | D:5      | Reached XP level 8. HP: 30/68 MP: 8/8
  6332 | D:5      | Reached skill level 8 in Axes
  6489 | Temple   | Entered the Ecumenical Temple
  6552 | Temple   | Became a worshipper of Uskayaw the Reveller
  6608 | D:6      | Reached * piety under Uskayaw
  6611 | D:6      | Reached ** piety under Uskayaw
  6620 | D:6      | Reached skill level 1 in Invocations
  6621 | D:6      | Reached *** piety under Uskayaw
  6877 | D:6      | Noticed Edmund
  6886 | D:6      | HP: 2/68 [ice beast (7)]
  6891 | D:6      | Killed Edmund
  7238 | D:6      | Found a glowing golden altar of the Shining One.
  7251 | D:6      | Reached skill level 9 in Axes
  7251 | D:6      | Reached skill level 1 in Stealth
  7251 | D:6      | Reached **** piety under Uskayaw
  7259 | D:6      | Reached ***** piety under Uskayaw
  7269 | D:6      | HP: 1/63 [wight/+4 spear (5)]
  7283 | D:6      | HP: 1/64 [wight/+4 spear (2)]
  7283 | D:6      | Slain by a wight

Illustrated notes

Levels and vault maps discovered:
D:1:      arrival_zaba_pyramid, layout_basic, minmay_door_square,
          minmay_gold_behind_fungi
D:2:      layout_basic, basic_altar, minivault_23, chequers_serial_rivers_room_a
D:3:      layout_loops_ring, nemelex_xobeh_ov_fountains_minmay, minmay_unequal
D:4:      layout_basic, grunt_gozag_breadcrumbs, enter_ossuary_2
D:5:      layout_basic, minmay_temple_entry_poolview, biasface_ghost_orc_armoury
D:6:      layout_basic, nicolae_tso_besieged_by_evil, uniq_edmund
Temple:   cyrus_circular_temple

Skill      XL: |  1  2  3  4  5  6  7  8 |
---------------+-------------------------+-----
Axes           | 3 5 6 7 9 |  9.3
Fighting       | 4 5 |  5.7
Armour         | 4 5 6 |  6.8
Shields        | 4 |  4.6
Dodging        | 1 |  1.8
Invocations    | 3 |  3.4
Stealth        | 1 |  1.3

Action                   |  1- 3 |  4- 6 |  7- 9 || total
-------------------------+-------+-------+-------++-------
Melee: War axe           |   113 |   157 |   176 ||   446
  Use: Potion            |       |     1 |     3 ||     4
       Scroll            |       |       |    13 ||    13
 Stab: Paralysed         |       |       |     6 ||     6
Armor: Scale mail        |    55 |    68 |    90 ||   213
Dodge: Dodged            |    58 |    62 |    71 ||   191
Block: Buckler           |    28 |    25 |    28 ||    81
